[Event "ICC tourney 2198 (45 10)"]
[Site "Internet Chess Club"]
[Date "2020.12.12"]
[Round "3"]
[White "MrNormalName"]
[Black "eigenator"]
[Result "1/2-1/2"]
[ICCResult "Game drawn by mutual agreement"]
[WhiteElo "2181"]
[BlackElo "2376"]
[Opening "Catalan: closed, 5.Nf3"]
[ECO "E06"]
[NIC "CA.05"]
[Time "16:02:39"]
[PlyCount "44"]
[TimeControl "2700+10"]


1. d4 Nf6 2. c4 e6 3. g3 d5 4. Bg2 Be7 5. Nf3 O-O 6. O-O dxc4 7. Qc2 b5 8.
a4 b4 9. Nbd2 Bb7 10. Nxc4 Be4 11. Qb3 Nbd7 12. Bg5 c5 13. Bxf6 Nxf6 14.
Rfd1 Qc7 15. dxc5 Bxc5 16. Rac1 Rad8 17. Rxd8 Rxd8 18. Nfe5 Rd5 19. Nd3
Bxg2 20. Kxg2 Bf8 21. Nce5 Qb7 22. Kg1 Nd7 { Game drawn by mutual agreement
} 1/2-1/2

[Event "ICC tourney 2198 (45 10)"]
[Site "Internet Chess Club"]
[Date "2020.12.12"]
[Round "3"]
[White "amandapati"]
[Black "RagingKnightNC"]
[Result "1-0"]
[ICCResult "Black resigns"]
[WhiteElo "2020"]
[BlackElo "2112"]
[Opening "Sicilian: Najdorf, 6...e6"]
[ECO "B95"]
[NIC "SI.04"]
[Time "16:02:20"]
[PlyCount "63"]
[TimeControl "2700+10"]


1. e4 c5 2. Nf3 d6 3. d4 cxd4 4. Nxd4 Nf6 5. Nc3 a6 6. Bg5 e6 7. Be2 Be7 8.
O-O b5 9. a4 b4 10. Na2 e5 11. Bxf6 gxf6 12. Nf5 Bxf5 13. exf5 d5 14. c4
Nc6 15. cxd5 Nd4 16. Bf3 Rc8 17. Be4 Qd7 18. Nc1 Nxf5 19. Nb3 Nd6 20. Bd3
Rg8 21. g3 f5 22. Re1 e4 23. Bxa6 f4 24. Bxc8 Qxc8 25. Qc1 Qg4 26. Qc7 e3
27. Qb8+ Nc8 28. Rac1 exf2+ 29. Kxf2 fxg3+ 30. hxg3 Qf5+ 31. Kg1 Kd8 32.
Qc7+ { Black resigns } 1-0

[Event "ICC tourney 2198 (45 10)"]
[Site "Internet Chess Club"]
[Date "2020.12.12"]
[Round "3"]
[White "funplaychess"]
[Black "ashikuzzaman"]
[Result "1-0"]
[ICCResult "Black resigns"]
[WhiteElo "2306"]
[BlackElo "1943"]
[Opening "Dutch: classical variation"]
[ECO "A96"]
[NIC "HD.01"]
[Time "16:02:08"]
[PlyCount "105"]
[TimeControl "2700+10"]


1. d4 e6 2. c4 f5 3. g3 Nf6 4. Bg2 d6 5. Nf3 Be7 6. O-O O-O 7. Nc3 Ne4 8.
Qc2 Nxc3 9. Qxc3 Bf6 10. Rd1 Nc6 11. Qc2 Qe8 12. d5 Ne5 13. dxe6 Rb8 14.
Nd4 Kh8 15. Nxf5 Bxe6 16. Ne3 Qh5 17. f4 Nc6 18. Bf3 Qf7 19. Bd5 Bd4 20.
Bxc6 Bxe3+ 21. Bxe3 bxc6 22. b3 c5 23. Bf2 Rbe8 24. e4 Bg4 25. Re1 Qg6 26.
f5 Qh5 27. Re3 Re5 28. Be1 Bxf5 29. Bc3 Re7 30. Qf2 Qe8 31. Rf3 Rxe4 32.
Rxf5 Rxf5 33. Qxf5 Re2 34. Rf1 Kg8 35. Qd5+ Kh8 36. Qf7 Qe3+ 37. Kh1 Qe4+
38. Qf3 Qxf3+ 39. Rxf3 Kg8 40. a4 Rc2 41. Ba5 c6 42. Rd3 d5 43. cxd5 cxd5
44. Rxd5 c4 45. b4 Ra2 46. Rc5 Rc2 47. b5 h6 48. Bb4 Ra2 49. a5 Rc2 50. b6
axb6 51. axb6 g5 52. b7 g4 53. b8=Q+ { Black resigns } 1-0

[Event "ICC tourney 2198 (45 10)"]
[Site "Internet Chess Club"]
[Date "2020.12.12"]
[Round "3"]
[White "Daniel-Lee"]
[Black "RyanWu"]
[Result "1-0"]
[ICCResult "Black resigns"]
[WhiteElo "1856"]
[BlackElo "1738"]
[Opening "Two knights defense (Modern bishop's opening)"]
[ECO "C55"]
[NIC "IG.01"]
[Time "16:02:33"]
[PlyCount "77"]
[TimeControl "2700+10"]


1. e4 e5 2. Nf3 Nc6 3. Bc4 Nf6 4. d3 h6 5. O-O d6 6. c3 g6 7. Be3 Bg7 8. h3
O-O 9. Bb3 Kh7 10. Nbd2 Ng8 11. d4 f5 12. exf5 Bxf5 13. Re1 e4 14. Nh2 d5
15. Ndf1 Na5 16. Bc2 Nc4 17. Bc1 Qh4 18. Ng3 Bd7 19. b3 Nd6 20. Ba3 Qf4 21.
Qe2 Rf7 22. Qe3 Qh4 23. Bxd6 cxd6 24. Rad1 h5 25. c4 Bh6 26. Qe2 e3 27. Nf3
exf2+ 28. Qxf2 Rxf3 29. Qxf3 Rf8 30. Qd3 Bf5 31. Nxf5 Rxf5 32. Rf1 Ne7 33.
cxd5 Bg7 34. Qe4 Qf6 35. Qe6 Rxf1+ 36. Rxf1 Qxd4+ 37. Kh1 Qd2 38. Be4 Qe2
39. Bxg6+ { Black resigns } 1-0

[Event "ICC tourney 2198 (45 10)"]
[Site "Internet Chess Club"]
[Date "2020.12.12"]
[Round "3"]
[White "marble"]
[Black "mopaska1106"]
[Result "1-0"]
[ICCResult "Black resigns"]
[WhiteElo "2537"]
[BlackElo "1918"]
[Opening "Sicilian: Nimzovich-Rossolimo attack (with ...g6, without ...d6)"]
[ECO "B31"]
[NIC "SI.31"]
[Time "16:02:06"]
[PlyCount "61"]
[TimeControl "2700+10"]


1. e4 c5 2. Nf3 Nc6 3. Bb5 g6 4. O-O Bg7 5. c3 Qc7 6. d4 cxd4 7. cxd4 Nf6
8. Nc3 a6 9. Ba4 b5 10. Bb3 O-O 11. e5 Ne8 12. Nd5 Qb7 13. Bg5 d6 14. Rc1
Kh8 15. Rxc6 Qxc6 16. Bxe7 Be6 17. Nb4 Bxb3 18. Qxb3 Qc4 19. Bxf8 Bxf8 20.
Nd3 Kg8 21. Rc1 Qxb3 22. axb3 a5 23. Kf1 dxe5 24. dxe5 a4 25. Ke2 Ng7 26.
Nd4 Ne6 27. Nxe6 fxe6 28. Rc6 a3 29. bxa3 Rxa3 30. b4 Rb3 31. Rb6 { Black
resigns } 1-0

[Event "ICC tourney 2198 (45 10)"]
[Site "Internet Chess Club"]
[Date "2020.12.12"]
[Round "3"]
[White "jmwgroff"]
[Black "GeorgeDai"]
[Result "0-1"]
[ICCResult "White resigns"]
[WhiteElo "1873"]
[BlackElo "2060"]
[Opening "Nimzo-Indian: Kmoch variation"]
[ECO "E20"]
[NIC "NI.30"]
[Time "16:02:06"]
[PlyCount "64"]
[TimeControl "2700+10"]


1. d4 Nf6 2. c4 e6 3. Nc3 Bb4 4. f3 O-O 5. a3 Bxc3+ 6. bxc3 d6 7. e4 e5 8.
Bd3 c5 9. d5 Nbd7 10. Ne2 Re8 11. O-O Nh5 12. g4 Nhf6 13. Qe1 Nf8 14. h4 h5
15. g5 N6h7 16. Ng3 g6 17. Rb1 Nd7 18. Qd2 Qe7 19. Qf2 Rb8 20. Be3 Kh8 21.
Rb2 Rg8 22. Kh1 Nb6 23. Ne2 Bh3 24. Rg1 Rbf8 25. Qg3 Bc8 26. f4 f5 27. fxe5
dxe5 28. exf5 gxf5 29. Qf2 Na4 30. Rb5 f4 31. Bxc5 Nxc5 32. Qxc5 Qd7 {
White resigns } 0-1

[Event "ICC tourney 2198 (45 10)"]
[Site "Internet Chess Club"]
[Date "2020.12.12"]
[Round "3"]
[White "davidluscomb"]
[Black "avats"]
[Result "1-0"]
[ICCResult "Black resigns"]
[WhiteElo "1995"]
[BlackElo "1589"]
[Opening "French: Tarrasch, closed variation"]
[ECO "C05"]
[NIC "FR.17"]
[Time "16:02:08"]
[PlyCount "105"]
[TimeControl "2700+10"]


1. e4 e6 2. d4 d5 3. Nd2 Nf6 4. e5 Nfd7 5. c3 c5 6. Bd3 Nc6 7. Ne2 Qb6 8.
Nf3 cxd4 9. cxd4 Bb4+ 10. Bd2 Bxd2+ 11. Qxd2 Qb4 12. a3 Qxd2+ 13. Kxd2 O-O
14. b4 a6 15. Nf4 Nb6 16. Rhc1 Bd7 17. Kc3 Rfc8 18. Kb3 Ne7 19. Nd2 Be8 20.
Ne2 Bb5 21. Bxb5 axb5 22. Nc3 Nc4 23. Nf3 Ra6 24. Nxb5 Rac6 25. Rc3 Nf5 26.
Rac1 Rb6 27. a4 Ra8 28. g4 Ne7 29. Nc7 Rc8 30. a5 Nxa5+ 31. Ka3 Nc4+ 32.
Kb3 Rxc7 33. Ra1 Rbc6 34. Rd3 Rc8 35. Ra7 R6c7 36. b5 Kf8 37. Kb4 Ke8 38.
Ng1 Nb6 39. Ka5 Nc4+ 40. Kb4 h6 41. Ne2 b6 42. Ra6 Rb7 43. Nf4 g6 44. Rh3
Nxe5 45. dxe5 Rc4+ 46. Kb3 Rxf4 47. Ra8+ Kd7 48. Rxh6 Rxg4 49. Rhh8 Rf4 50.
Rad8+ Kc7 51. Rde8 Nc6 52. Rc8+ Kd7 53. bxc6+ { Black resigns } 1-0

[Event "ICC tourney 2198 (45 10)"]
[Site "Internet Chess Club"]
[Date "2020.12.12"]
[Round "3"]
[White "WonderZ"]
[Black "nikhilthota"]
[Result "1/2-1/2"]
[ICCResult "Game drawn by mutual agreement"]
[WhiteElo "2107"]
[BlackElo "1800"]
[Opening "QGD: exchange, positional line"]
[ECO "D35"]
[NIC "QO.16"]
[Time "16:02:05"]
[PlyCount "108"]
[TimeControl "2700+10"]


1. d4 d5 2. c4 e6 3. Nc3 Nf6 4. cxd5 exd5 5. Bg5 Be7 6. e3 O-O 7. Bd3 c5 8.
dxc5 Bxc5 9. Bxf6 Qxf6 10. Nxd5 Qxb2 11. Rb1 Qxa2 12. Ne2 Qa5+ 13. Nec3 Qd8
14. Qh5 h6 15. O-O Nc6 16. Rfd1 Qg5 17. Qxg5 hxg5 18. Ne4 Ba3 19. Nxg5 a6
20. Be4 Rd8 21. h4 Rb8 22. Nb6 Rxd1+ 23. Rxd1 Bc5 24. Bxc6 Bg4 25. Nd7 Bxd1
26. Nxb8 bxc6 27. Nxa6 Be7 28. g3 c5 29. Ne4 c4 30. Nc7 Bf3 31. Nc3 Bb4 32.
N7b5 Bc6 33. Kf1 Kh7 34. Ke2 Kh6 35. g4 g5 36. h5 Bd7 37. f3 f5 38. gxf5
Bxf5 39. e4 Bd7 40. Ke3 Bc5+ 41. Nd4 Kxh5 42. Ne2 Kh4 43. Kd2 g4 44. fxg4
Bb4+ 45. Nc3 Bxg4 46. Nc2 Bf8 47. Ne3 Bh6 48. Nd5 Bf3 49. Kc3 Bxe4 50. Kxc4
Bb1 51. Kd4 Bg7+ 52. Kc5 Be4 53. Kd6 Bd4 54. Ke6 Kg5 { Game drawn by mutual
agreement } 1/2-1/2

[Event "ICC tourney 2198 (45 10)"]
[Site "Internet Chess Club"]
[Date "2020.12.12"]
[Round "3"]
[White "kralj8"]
[Black "Aleksandrov73"]
[Result "0-1"]
[ICCResult "White checkmated"]
[WhiteElo "1935"]
[BlackElo "2629"]
[Opening "Ruy Lopez: Morphy defense"]
[ECO "C77"]
[NIC "RL.12"]
[Time "16:02:23"]
[PlyCount "116"]
[TimeControl "2700+10"]


1. e4 e5 2. Nf3 Nc6 3. Bb5 a6 4. Ba4 Nf6 5. d4 exd4 6. O-O Be7 7. e5 Ne4 8.
Re1 Nc5 9. Bxc6 dxc6 10. Nxd4 Ne6 11. Nf5 Qxd1 12. Rxd1 Bf8 13. Nc3 Bd7 14.
Be3 O-O-O 15. Rd2 h5 16. Ng3 h4 17. Nge4 Be7 18. f4 g6 19. Rad1 b6 20. g4
hxg3 21. hxg3 Ng7 22. Na4 Bg4 23. Rxd8+ Bxd8 24. Rd2 Nf5 25. Bd4 Bf3 26. e6
Nxd4 27. Rxd4 c5 28. Naxc5 bxc5 29. Nxc5 fxe6 30. Kf2 Bd5 31. Ra4 Rh2+ 32.
Ke3 Rxc2 33. Nxa6 Rxb2 34. Nb4 Rg2 35. Nxd5 exd5 36. Kf3 Rb2 37. Ra5 c6 38.
Ra8+ Rb8 39. Ra7 Rb7 40. Ra6 Kd7 41. a4 Rb3+ 42. Kg4 Bb6 43. Kg5 Rxg3+ 44.
Kf6 Bd4+ 45. Kf7 Be3 46. a5 Bxf4 47. Ra7+ Bc7 48. a6 g5 49. Ra8 Ra3 50. Ra7
g4 51. Ra8 g3 52. a7 Bb6 53. Re8 Rxa7 54. Re6 g2 55. Re7+ Kd6 56. Kf8 Rxe7
57. Kg8 g1=Q+ 58. Kf8 Qg7# { White checkmated } 0-1

[Event "ICC tourney 2198 (45 10)"]
[Site "Internet Chess Club"]
[Date "2020.12.12"]
[Round "3"]
[White "bonnelleo1"]
[Black "audreykeyanli"]
[Result "1-0"]
[ICCResult "Black checkmated"]
[WhiteElo "1896"]
[BlackElo "1240"]
[Opening "Queen's pawn, Mason variation"]
[ECO "D00"]
[NIC "QP.08"]
[Time "16:02:10"]
[PlyCount "119"]
[TimeControl "2700+10"]


1. d4 d5 2. Bf4 Nf6 3. e3 e6 4. Nf3 a6 5. c4 c5 6. Nc3 Nc6 7. dxc5 Bxc5 8.
cxd5 exd5 9. a3 O-O 10. b4 Ba7 11. Be2 h6 12. O-O Be6 13. Nd4 Nxd4 14. exd4
Rc8 15. Qd3 Qb6 16. Be3 Rc4 17. Qd2 Rcc8 18. Na4 Qc6 19. Nc5 Bf5 20. Rfc1
Bxc5 21. Rxc5 Qe6 22. Bf3 Be4 23. Qe2 Bxf3 24. Qxf3 Ne4 25. Rcc1 f5 26. Bf4
g5 27. Be5 f4 28. Qd3 g4 29. f3 Qg6 30. fxe4 dxe4 31. Qb3+ Kh7 32. Rxc8
Rxc8 33. Bxf4 Rf8 34. Qe3 Qf6 35. g3 h5 36. Qxe4+ Qf5 37. Qxf5+ Rxf5 38.
Rc1 Rf7 39. Rc7 Rxc7 40. Bxc7 Kg7 41. Kf2 Kf6 42. Ke3 Ke6 43. Ke4 Kf6 44.
d5 b5 45. Be5+ Ke7 46. Kf5 Kf7 47. Kg5 Ke7 48. Kxh5 Kd7 49. Kxg4 Ke7 50.
Kg5 Kf7 51. h4 Ke7 52. h5 Kf8 53. h6 Kg8 54. Kg6 Kf8 55. h7 Ke7 56. h8=Q
Kd7 57. Qg7+ Kd8 58. Bd6 a5 59. Qe7+ Kc8 60. Qc7# { Black checkmated } 1-0

[Event "ICC tourney 2198 (45 10)"]
[Site "Internet Chess Club"]
[Date "2020.12.12"]
[Round "3"]
[White "e4f5"]
[Black "TjkTiger"]
[Result "0-1"]
[ICCResult "White resigns"]
[WhiteElo "2253"]
[BlackElo "2602"]
[Opening "Sicilian: Hungarian variation"]
[ECO "B34"]
[NIC "SI.43"]
[Time "16:02:55"]
[PlyCount "76"]
[TimeControl "2700+10"]


1. e4 c5 2. Nf3 g6 3. d4 cxd4 4. Nxd4 Bg7 5. Nc3 Nc6 6. Nb3 Nf6 7. Be2 O-O
8. O-O a6 9. a4 d6 10. Bg5 Be6 11. Kh1 Na5 12. f4 Nxb3 13. cxb3 Qb6 14. Ra3
Qe3 15. Rf3 Qc5 16. Bh4 Bg4 17. Rd3 Qh5 18. Bxf6 Bxe2 19. Nxe2 Bxf6 20. b4
Rac8 21. h3 Rc4 22. Rd5 Qh4 23. e5 dxe5 24. fxe5 e6 25. Rd7 Bxe5 26. Rf3
Rc7 27. Rxc7 Bxc7 28. Rb3 Qe4 29. Ng1 Rd8 30. Qf1 Qf4 31. Nf3 e5 32. Rc3 e4
33. Rxc7 exf3 34. Qc1 fxg2+ 35. Kg1 Qf3 36. Rc8 Qf1+ 37. Qxf1 gxf1=Q+ 38.
Kxf1 Rxc8 { White resigns } 0-1

[Event "ICC tourney 2198 (45 10)"]
[Site "Internet Chess Club"]
[Date "2020.12.12"]
[Round "3"]
[White "baoduan"]
[Black "kavyameiyappan"]
[Result "1-0"]
[ICCResult "Black resigns"]
[WhiteElo "1879"]
[BlackElo "1628"]
[Opening "Sicilian: Najdorf, Byrne (English) attack"]
[ECO "B90"]
[NIC "SI.14"]
[Time "16:02:08"]
[PlyCount "61"]
[TimeControl "2700+10"]


1. e4 c5 2. Nf3 d6 3. d4 cxd4 4. Nxd4 Nf6 5. Nc3 a6 6. Be3 e5 7. Nb3 Be7 8.
f3 Be6 9. Qd2 b5 10. Nd5 Bxd5 11. exd5 O-O 12. g4 Nbd7 13. g5 Nh5 14. Na5
Nc5 15. Nc6 Qd7 16. O-O-O Nb7 17. h4 Rfc8 18. Bh3 Qe8 19. Bxc8 Rxc8 20.
Rhg1 Nd8 21. Nxe5 dxe5 22. d6 Bxd6 23. Qxd6 Ne6 24. Qxe5 Qc6 25. Qe4 Qxe4
26. fxe4 Nhf4 27. Rd2 Ng6 28. h5 Ne5 29. Rd5 Nc4 30. Re1 Nxe3 31. Rxe3 {
Black resigns } 1-0

[Event "ICC tourney 2198 (45 10)"]
[Site "Internet Chess Club"]
[Date "2020.12.12"]
[Round "3"]
[White "GutsyEdge"]
[Black "Natey"]
[Result "0-1"]
[ICCResult "White resigns"]
[WhiteElo "2027"]
[BlackElo "1745"]
[Opening "Grünfeld: Stockholm variation"]
[ECO "D80"]
[NIC "GI.03"]
[Time "16:01:58"]
[PlyCount "142"]
[TimeControl "2700+10"]


1. d4 Nf6 2. c4 g6 3. Nc3 d5 4. Bg5 Ne4 5. Bh4 Nxc3 6. bxc3 Bg7 7. e3 c5 8.
Nf3 Nc6 9. cxd5 Qxd5 10. Be2 O-O 11. O-O Bg4 12. h3 Bxf3 13. Bxf3 Qd8 14.
Rb1 Qc7 15. Bg3 e5 16. d5 Rad8 17. Qa4 Na5 18. Rfd1 b6 19. Be2 Qb8 20. f4
Nb7 21. Ba6 Nd6 22. e4 exf4 23. Bxf4 Rfe8 24. Qc2 Be5 25. Bg5 f6 26. Bh4
Nxe4 27. Bd3 Nxc3 28. Bxg6 Re7 29. Bf5 Nxd1 30. Rxd1 Qd6 31. Kh1 Rg7 32.
Be6+ Kh8 33. Qf5 Qe7 34. Re1 Bc3 35. Re3 Bd4 36. Re4 Rf8 37. Kh2 a5 38. Kh1
b5 39. g4 Qd8 40. Rf4 Be3 41. Rf3 Bg5 42. Bg3 b4 43. h4 Bd2 44. g5 Bc3 45.
Bf2 Qe7 46. Be3 a4 47. h5 b3 48. axb3 a3 49. Qc2 fxg5 50. Bxg5 Bf6 51. Bh6
Ra8 52. Bxg7+ Qxg7 53. Qa2 Qg5 54. Rf5 Qc1+ 55. Kg2 Qb2+ 56. Rf2 Qxa2 57.
Rxa2 Bb2 58. Kf2 Kg7 59. Ke3 Kf6 60. Kd3 Ke5 61. Kc4 Ra5 62. h6 Kd6 63. b4
Ra4 64. Bg8 Rxb4+ 65. Kd3 c4+ 66. Kc2 Rb7 67. Be6 c3 68. Bg8 Ke5 69. Be6
Kf6 70. Bg8 Kg6 71. d6 Rd7 { White resigns } 0-1

[Event "ICC tourney 2198 (45 10)"]
[Site "Internet Chess Club"]
[Date "2020.12.12"]
[Round "3"]
[White "AJM04"]
[Black "awakeflood"]
[Result "1-0"]
[ICCResult "Black checkmated"]
[WhiteElo "2050"]
[BlackElo "1787"]
[Opening "French: Steinitz variation"]
[ECO "C11"]
[NIC "FR.04"]
[Time "16:02:24"]
[PlyCount "67"]
[TimeControl "2700+10"]


1. e4 e6 2. d4 d5 3. Nc3 Nf6 4. e5 Nfd7 5. Nce2 c5 6. c3 Nc6 7. Nf3 Qb6 8.
a3 Be7 9. Nf4 O-O 10. h4 Nd8 11. Bd3 f6 12. exf6 Nxf6 13. h5 Ne4 14. Qe2
cxd4 15. cxd4 Ng5 16. Nxg5 Bxg5 17. Ng6 Bxc1 18. Rxc1 Rf7 19. Ne5 Re7 20.
h6 Qxd4 21. hxg7 Nf7 22. Bxh7+ Kxg7 23. Ng6 Rd7 24. Rh4 Qf6 25. Rf4 Qg5 26.
Rc3 Kxh7 27. Rg4 Qd8 28. Ne5 Nh6 29. Rh3 Qf6 30. Rg6 Qf4 31. Rhxh6+ Qxh6
32. Rxh6+ Kxh6 33. Qg4 Rh7 34. Qg6# { Black checkmated } 1-0

[Event "ICC tourney 2198 (45 10)"]
[Site "Internet Chess Club"]
[Date "2020.12.12"]
[Round "3"]
[White "arconsul2"]
[Black "tigertiger2019"]
[Result "0-1"]
[ICCResult "White resigns"]
[WhiteElo "1800"]
[BlackElo "1684"]
[Opening "English, 1...Nf6 (Anglo-Indian defense)"]
[ECO "A15"]
[NIC "EO.64"]
[Time "16:02:34"]
[PlyCount "94"]
[TimeControl "2700+10"]


1. c4 Nf6 2. g3 g6 3. Bg2 Bg7 4. Nf3 O-O 5. O-O c6 6. Nc3 d5 7. d4 dxc4 8.
e4 b5 9. a3 Na6 10. Ne5 Bb7 11. Be3 Nd7 12. Nf3 Nf6 13. Ne5 Qc7 14. b4 Nb8
15. Qd2 Nbd7 16. Nxd7 Qxd7 17. f4 Qc7 18. f5 Ng4 19. Bf4 Qd7 20. Rad1 Rad8
21. Ne2 Nf6 22. Be5 c5 23. Bxf6 Bxf6 24. bxc5 Bg7 25. d5 a6 26. fxg6 hxg6
27. Qf4 Bc8 28. h3 Qa7 29. Qf2 a5 30. Nd4 Qxc5 31. Nc6 Qxf2+ 32. Rxf2 Rd7
33. Nxa5 Rc7 34. Nc6 Bb7 35. Nb4 c3 36. Nc2 Rd8 37. Bf1 e6 38. Bxb5 exd5
39. exd5 Rxd5 40. Rxd5 Bxd5 41. Re2 Bb3 42. Bd3 Rd7 43. Bb5 Rd2 44. Nb4 c2
45. Nxc2 Rxe2 46. Bxe2 Bxc2 47. Bb5 Kf8 { White resigns } 0-1

[Event "ICC tourney 2198 (45 10)"]
[Site "Internet Chess Club"]
[Date "2020.12.12"]
[Round "3"]
[White "DanielA1926"]
[Black "pawnpush202044"]
[Result "1/2-1/2"]
[ICCResult "Game drawn by mutual agreement"]
[WhiteElo "1633"]
[BlackElo "1915"]
[Opening "Sicilian: Najdorf, Opocensky variation"]
[ECO "B92"]
[NIC "SI.10"]
[Time "16:02:55"]
[PlyCount "91"]
[TimeControl "2700+10"]


1. e4 c5 2. Nf3 d6 3. d4 cxd4 4. Nxd4 Nf6 5. Nc3 a6 6. Be2 e5 7. Nf3 Be7 8.
Bg5 Nbd7 9. O-O O-O 10. a4 b6 11. Nd2 Bb7 12. f3 d5 13. exd5 Nxd5 14. Bxe7
Qxe7 15. Nxd5 Bxd5 16. c4 Bc6 17. Qc2 Nf6 18. Rfd1 Rfe8 19. Ne4 Bxe4 20.
fxe4 Qc5+ 21. Kh1 Rad8 22. Bf3 Rd4 23. Rxd4 exd4 24. Qd3 a5 25. Rd1 Rd8 26.
Kg1 Qe5 27. g3 Ne8 28. Qb3 Qc5 29. Qb5 f6 30. Rd3 Nd6 31. Qxc5 bxc5 32. Rb3
Nxc4 33. Rb5 Ne5 34. Bd1 c4 35. Rxa5 Rb8 36. Rb5 Rxb5 37. axb5 Nd7 38. Kf2
Kf7 39. Ke2 Ke6 40. b3 c3 41. Kd3 Ke5 42. b4 g6 43. Bb3 Nb6 44. g4 g5 45.
Bg8 h6 46. Bb3 { Game drawn by mutual agreement } 1/2-1/2

[Event "ICC tourney 2198 (45 10)"]
[Site "Internet Chess Club"]
[Date "2020.12.12"]
[Round "3"]
[White "zuz1209"]
[Black "mhebden"]
[Result "0-1"]
[ICCResult "White checkmated"]
[WhiteElo "2228"]
[BlackElo "2503"]
[Opening "Two knights defense (Modern bishop's opening)"]
[ECO "C55"]
[NIC "IG.01"]
[Time "16:02:06"]
[PlyCount "174"]
[TimeControl "2700+10"]


1. e4 e5 2. Nf3 Nc6 3. Bc4 Nf6 4. d3 Be7 5. O-O O-O 6. Re1 d6 7. a4 Be6 8.
Nbd2 Qd7 9. c3 Rfe8 10. Qc2 Bf8 11. b4 a6 12. Bb2 Bxc4 13. Nxc4 b5 14. Ncd2
g6 15. Nb3 d5 16. Nfd2 Nh5 17. axb5 axb5 18. exd5 Rxa1 19. Rxa1 Qxd5 20.
Ne4 f5 21. Nec5 Nf4 22. f3 Rd8 23. Rd1 Ne6 24. Nxe6 Qxe6 25. Bc1 Qd5 26.
Bg5 Rd7 27. Rd2 Qf7 28. Be3 Rd8 29. Qa2 Bd6 30. Qa3 h5 31. Nc5 Bxc5 32.
Bxc5 Ne7 33. Qa2 Qxa2 34. Rxa2 Nd5 35. c4 Nc3 36. Ra7 Rxd3 37. cxb5 Nd5 38.
Kf1 e4 39. fxe4 fxe4 40. g3 Rd2 41. h4 Rb2 42. Rb7 e3 43. Ra7 e2+ 44. Kf2
Nc3 45. Ra3 Rb1 46. Ra8+ Kf7 47. Rf8+ Ke6 48. Re8+ Kd5 49. Rxe2 Nxe2 50.
Kxe2 Kc4 51. b6 cxb6 52. Bxb6 Rxb4 53. Be3 Kd5 54. Kf3 Ke5 55. Bf4+ Kf5 56.
Bd6 Rb3+ 57. Kf2 Kg4 58. Be5 Rf3+ 59. Kg2 Re3 60. Bf4 Re2+ 61. Kg1 Kf3 62.
Bc7 Rg2+ 63. Kh1 Rxg3 64. Kh2 Rg2+ 65. Kh3 Rg1 66. Bh2 Rd1 67. Be5 Rd3 68.
Bg3 Ke4 69. Kg2 Kf5 70. Kh3 Rb3 71. Kg2 Kg4 72. Bf2 Rh3 73. Kg1 Rxh4 74.
Bxh4 Kxh4 75. Kh2 g5 76. Kg2 g4 77. Kh2 Kg5 78. Kg3 h4+ 79. Kg2 Kf4 80. Kf2
h3 81. Kg1 g3 82. Kh1 Kf3 83. Kg1 g2 84. Kh2 Kf2 85. Kxh3 g1=Q 86. Kh4 Qg6
87. Kh3 Qh5# { White checkmated } 0-1

[Event "ICC tourney 2198 (45 10)"]
[Site "Internet Chess Club"]
[Date "2020.12.12"]
[Round "3"]
[White "Arsalchess"]
[Black "tirantes"]
[Result "0-1"]
[ICCResult "White forfeits on time"]
[WhiteElo "1901"]
[BlackElo "2435"]
[Opening "Ruy Lopez: closed, Breyer, Borisenko variation"]
[ECO "C95"]
[NIC "RL.25"]
[Time "16:02:05"]
[PlyCount "58"]
[TimeControl "2700+10"]


1. e4 e5 2. Nf3 Nc6 3. Bb5 a6 4. Ba4 Nf6 5. O-O Be7 6. Re1 b5 7. Bb3 d6 8.
c3 O-O 9. h3 Nb8 10. d4 Nbd7 11. Bg5 Bb7 12. Nbd2 h6 13. Bh4 Re8 14. a4 c5
15. Bc2 Qc7 16. Bd3 c4 17. Bc2 g6 18. Qe2 Bf8 19. Rad1 Bg7 20. Bg3 Rad8 21.
axb5 axb5 22. Qe3 exd4 23. Nxd4 Qb6 24. N4f3 Nc5 25. e5 Nd5 26. Qe2 dxe5
27. Ne4 Nd3 28. Bxd3 cxd3 29. Rxd3 f5 { White forfeits on time } 0-1

[Event "ICC tourney 2198 (45 10)"]
[Site "Internet Chess Club"]
[Date "2020.12.12"]
[Round "3"]
[White "hoshibosh"]
[Black "imranchamp"]
[Result "1/2-1/2"]
[ICCResult "Game drawn by mutual agreement"]
[WhiteElo "2151"]
[BlackElo "1845"]
[Opening "Sicilian: Pelikan, Chelyabinsk variation"]
[ECO "B33"]
[NIC "SI.37"]
[Time "16:02:11"]
[PlyCount "68"]
[TimeControl "2700+10"]


1. e4 c5 2. Nf3 Nc6 3. d4 cxd4 4. Nxd4 Nf6 5. Nc3 e5 6. Ndb5 d6 7. Bg5 a6
8. Na3 b5 9. Nd5 Be7 10. Bxf6 Bxf6 11. c3 Ne7 12. Nc2 Nxd5 13. exd5 O-O 14.
Be2 g6 15. O-O Bg5 16. a4 Bd7 17. Nb4 bxa4 18. Nc6 Qb6 19. Qxa4 Qxb2 20.
Ra2 Bxc6 21. dxc6 Qxc3 22. Rc2 Qd4 23. Qxd4 exd4 24. c7 Rfc8 25. Rb1 Kg7
26. Rb6 Ra7 27. Rbc6 d5 28. g3 Bf6 29. f4 a5 30. Rc1 a4 31. Kf2 d3 32. Bxd3
Bd4+ 33. Kf3 a3 34. Ba6 Rca8 { Game drawn by mutual agreement } 1/2-1/2

[Event "ICC tourney 2198 (45 10)"]
[Site "Internet Chess Club"]
[Date "2020.12.12"]
[Round "3"]
[White "AlexandreKaram"]
[Black "Zuiopal"]
[Result "0-1"]
[ICCResult "White resigns"]
[WhiteElo "1783"]
[BlackElo "1740"]
[Opening "Caro-Kann: two knights, 3...Bg4"]
[ECO "B11"]
[NIC "CK.01"]
[Time "16:02:15"]
[PlyCount "106"]
[TimeControl "2700+10"]


1. e4 c6 2. Nc3 d5 3. Nf3 Bg4 4. h3 Bh5 5. exd5 cxd5 6. g4 Bg6 7. Nh4 e6 8.
Nxg6 hxg6 9. d4 Nc6 10. Be3 a6 11. Qd2 Bd6 12. Na4 Qc7 13. Nc5 Nf6 14. Bg2
Rc8 15. b4 Nd7 16. Rb1 Rb8 17. c3 Nb6 18. Bf1 e5 19. a4 Ne7 20. a5 Nd7 21.
Bg2 e4 22. f3 exf3 23. Bxf3 Bg3+ 24. Kd1 Nxc5 25. dxc5 Rd8 26. Kc2 Be5 27.
Rbd1 Qc6 28. Kb3 Qe6 29. Kb2 O-O 30. Qg2 Qc6 31. Bd4 Bf4 32. Rhe1 Rfe8 33.
c4 Qa4 34. Bc3 d4 35. Bd2 Bxd2 36. Qxd2 Nc6 37. Rxe8+ Rxe8 38. Bxc6 Qxc6
39. Kb3 Re3+ 40. Kb2 Qa4 41. Qxd4 Qxb4+ 42. Kc2 Qb3+ 43. Kd2 Rxh3 44. Ke1
Qg3+ 45. Kd2 Qg2+ 46. Kc1 Qg3 47. Rg1 Qa3+ 48. Qb2 Rc3+ 49. Kb1 Rb3 50. Rg2
Rxb2+ 51. Rxb2 Qxa5 52. Rxb7 Qxc5 53. Rb8+ Kh7 { White resigns } 0-1

[Event "ICC tourney 2198 (45 10)"]
[Site "Internet Chess Club"]
[Date "2020.12.12"]
[Round "3"]
[White "vvguys"]
[Black "Mrpeetapizza"]
[Result "0-1"]
[ICCResult "White resigns"]
[WhiteElo "1559"]
[BlackElo "1877"]
[Opening "Queen's pawn: London system"]
[ECO "A45"]
[NIC "QP.07"]
[Time "16:02:02"]
[PlyCount "166"]
[TimeControl "2700+10"]


1. d4 Nf6 2. Bf4 g6 3. Nc3 d5 4. e3 Bg7 5. Bd3 O-O 6. Qd2 Nh5 7. Bg5 c6 8.
Nge2 Nd7 9. e4 dxe4 10. Nxe4 Nhf6 11. Bh6 Nxe4 12. Bxe4 Nf6 13. f3 Qb6 14.
O-O-O Be6 15. Bxg7 Kxg7 16. Kb1 Rfd8 17. Nc3 Rd6 18. Qe3 Rad8 19. Ne2 Qa5
20. a3 c5 21. Rd2 Bc4 22. Rhd1 Bxe2 23. Qxe2 cxd4 24. Rd3 Qb5 25. Qd2 Nxe4
26. fxe4 Rb6 27. Rb3 Qc6 28. Rxb6 Qxb6 29. Qd3 e5 30. Rf1 Rc8 31. Qg3 Qc5
32. Qf2 Qe7 33. Qd2 Qe6 34. h3 Qc6 35. Qe2 f6 36. Rf3 a6 37. Rb3 b5 38. Rb4
Rb8 39. Rb3 a5 40. Qe1 a4 41. Rf3 Rc8 42. Qe2 Qc4 43. Qd2 Qc6 44. Qe2 Rb8
45. Qe1 Qc4 46. c3 d3 47. Re3 Rd8 48. Qd2 Kf7 49. Kc1 Ke6 50. Kb1 Rd6 51.
g4 Kf7 52. Kc1 Rd8 53. Kb1 Rd7 54. Kc1 Rd6 55. Kb1 Qc6 56. Rxd3 Qxe4 57.
Kc2 Qxd3+ 58. Qxd3 Rxd3 59. Kxd3 Ke6 60. c4 bxc4+ 61. Kxc4 f5 62. b3 axb3
63. Kxb3 Kd5 64. Kc3 Kc5 65. Kd3 Kb5 66. Kc3 Ka4 67. gxf5 gxf5 68. Kd3 Kxa3
69. Ke3 Kb4 70. h4 Kc4 71. h5 Kd5 72. h6 e4 73. Ke2 Kd4 74. Kf2 e3+ 75. Ke2
Ke4 76. Ke1 Kd3 77. Kd1 e2+ 78. Ke1 f4 79. Kf2 Kd2 80. Kf3 e1=Q 81. Kxf4
Qe6 82. Kg5 Qg6+ 83. Kf4 Kd3 { White resigns } 0-1